 BcadrenCrawl: Boulder Brew version 0.03.2.1-32-g00f802a9a0 (webtiles) character file.

Game seed: 8981415870275696151, levelgen mode: deterministic

14787 esc the Quickloader (level 12, -3/85 HPs) Octopode Noble. Began on Jan 20, 2021. Was an Initiate of Gozag Ym Sagoz. Slain by a storm dragon simulacrum (5 damage) ... in a Gauntlet. The game lasted 00:28:43 (5312 turns).

esc the Quickloader (Octopode Noble)                Turns: 5312, Time: 00:28:44

Health: -3/85      AC: 11    Str: 10    XL:     12 ^: 10857
Magic:  14/14      EV: 10    Int: 12    God:    Gozag Ym Sagoz
Gold:   1736       SH: 11    Dex: 20    Spells: 14/14 levels left

rFire    . . .     Vision   .   a - +3 triple crossbow (velocity)
rCold    . . .     Gourm    .   C - +1 heater shield {AC+3}
rNeg     + . .     Faith    .   A - +2 hat {MR+}
rPois    .         Spirit   .   (no amulet)
rElec    .         Reflect  .   b - ring of protection
rCorr    .         Harm     .   B - ring of positive energy
MR       +....     NoTele   +   (no ring)
Stlth    ++++......             (no ring)
HPRegen  0.38/turn              (no ring)
MPRegen  0.24/turn              (no ring)
                                (no ring)
                                (no ring)

@: hasted, very quick
A: almost no armour, stealthy swim, amphibious, 8 rings, constrict 8, camouflage
1, gelatinous body 1
a: Potion Petition, Call Merchant, Bribe Branch, Renounce Religion


You were in a Gauntlet.
You worshipped Gozag Ym Sagoz.
Gozag Ym Sagoz was most pleased with you.
You were not hungry.

You visited 3 branches of the dungeon, and saw 8 of its levels.
You also visited: Gauntlet and Market.

You collected 1752 gold pieces.
You spent 920 gold pieces at shops.
You paid 96 gold pieces to Gozag.

Inventory:

Weapons
 a - a +3 triple crossbow of velocity (weapon) Shields
 C - a +1 heater shield of protection (shield)
Armour
 A - a +2 hat of magic resistance (worn)
Jewellery
 b - a ring of protection (left tentacle)
 B - a ring of positive energy (right tentacle)
Wands
 f - a wand of flame (1)
 i - a wand of enslavement (3)
 m - a wand of acid (1)
 t - a wand of iceblast (2)
Scrolls
 e - 2 scrolls of magic mapping
 k - 2 scrolls of blinking
 o - 5 scrolls of teleportation
 q - a scroll of amnesia
 r - 3 scrolls of fog
 u - 2 scrolls of summoning
 x - a scroll of silence
Potions
 c - 2 potions of might
 g - 4 potions of curing
 h - 3 potions of ambrosia
 j - 3 potions of magic
 l - 4 potions of heal wounds
 n - a potion of berserk rage
 p - 3 potions of haste
 s - 3 potions of brilliance
 z - a potion of agility
Comestibles
 d - 12 rations


   Skills:
 + Level 9.2 Fighting
 + Level 14.9 Crossbows
 + Level 9.1 Dodging
 - Level 5.0 Stealth
 + Level 4.0 Shields
 - Level 1.7 Spellcasting


You had 14 spell levels left.
You didn't know any spells.
Your spell library was empty.

Dungeon Overview and Level Annotations

Branches:
Dungeon (6/8)              Temple (1/1) D:4            Lair (1/6) D:5
Gauntlet (1/1)
    Orc: D:6

Altars:
Cheibriados
Dithmenos
Elyvilon
Fedhas Madash
Gozag Ym Sagoz
Kikubaaqudgha
Makhleb
Okawaru
Qazlal
Ru
Trog
Xom
Yredelemnul
Zin
The Shining One

Annotations:
D:2 1 runed translucent door Gauntlet 11 transporters, 21 runed translucent doors


Innate Abilities, Weirdness & Mutations

You cannot wear most types of armour.
You are very stealthy in the water. (Stealth+)
You are amphibious.
You can wear up to three rings at the same time.
You can use your tentacles to constrict three enemies at once.
Your skin changes colour to match your surroundings (Stealth+).
Your rubbery body absorbs attacks. (AC +1, EV +1)


Message History

Press: ? - help, v - describe, . - travel
There is a translucent stone wall here.
The wolf spider simulacrum hits you but does no damage.
You block the wolf spider simulacrum's attack.
The wolf spider simulacrum hits you but does no damage.
You block the wolf spider simulacrum's attack.
The storm dragon simulacrum bites you (4).
The storm dragon simulacrum freezes you (30)!!
The storm dragon simulacrum claws you but does no damage.
You block the storm dragon simulacrum's attack.
Okay, then.
You feel yourself speed up.
The wolf spider simulacrum hits you (5).
The wolf spider simulacrum freezes you (25)!!
* * * LOW HITPOINT WARNING * * *
You block the wolf spider simulacrum's attack.
The storm dragon simulacrum bites you but does no damage.
The storm dragon simulacrum claws you (5).
You die...
Your body crumbles into a pile of gold.

########################
#≈......................
###.......................
#8#..###########...#######
###..#......Z..#.8.#..+..+
#..#.###.###.#...#..+..+
###..#.###.###.#####++#++#
#8#..#.#.#Z#.#.#...#..+...
###.©#...@©..Z©#©.©#©.#...
#..#.#.#Z#P#!#...#..+...
###..#.###Z###$#####++#++#
#8#..#.###.###.#...#..+..+
###..#.........#...#..+..+
#..###########...#######
###≈.............≈........
#8#∩...∩........≈8≈.......
###≈.............§........


You could see a wyvern simulacrum (dormant), a storm dragon simulacrum and 3
wolf spider simulacra.

Vanquished Creatures
  A boulder beetle (Lair:1)
  3 two-headed ogres (D:5)
  Maurice (D:4)
  A spiny frog (Lair:1)
  A rime drake (Lair:1)
  A komodo dragon (Lair:1)
  Prince Ribbit (D:2)
  3 hippogriffs (D:5)
  13 yaks (D:5)
  4 slime creatures (D:2)
  2 phantoms
  2 scorpions (D:5)
  4 water moccasins
  An orc warrior (D:5)
  3 porcupines
  6 sky beasts
  2 black bears (D:5)
  5 ogres
  3 ice beasts
  10 crocodiles
  4 big kobolds
  8 bullfrogs
  A centaur (D:5)
  3 howler monkeys (D:5)
  5 killer bees (D:5)
  A quasit (D:5)
  16 wights (D:5)
  3 crimson imps (D:4)
  7 hounds
  8 jellies
  18 orc wizards
  11 orc priests
  3 iguanas
  8 worker ants
  4 wyvern zombies
  17 giant cockroaches
  2 bullfrog skeletons (D:4)
  A porcupine skeleton (D:5)
  9 adders
  71 sewer rats
  10 cinder newts
  8 worms
  2 hound skeletons
  22 oozes
  A howler monkey skeleton (D:5)
  A dart slug (D:3)
  2 leopard geckos
  44 orcs
  2 adder skeletons (D:2)
  2 ball pythons (D:2)
  2 goblins (D:1)
  3 hobgoblins (D:1)
  8 jackals (D:5)
  A quokka (D:5)
  5 bats
  3 bat skeletons (D:2)
  A goblin skeleton (D:2)
  16 kobolds
  6 rats (D:1)
  A rat skeleton (D:2)
  2 fungi (D:5)
  2 plants (D:5)
  3 slimeheads (D:2)
  8 withered plants (D:2)
422 creatures vanquished.

Vanquished Creatures (others)
  4 giant cockroaches (D:2)
  A ball python (D:2)
  4 kobolds (D:2)
  A bat (D:2)
  19 fungi (D:5)
  7 giant blowflies (D:2)
  16 plants (D:5)
  2 slimeheads (D:2)
  109 withered plants (D:2)
163 creatures vanquished.

Grand Total: 585 creatures vanquished

Notes
Turn   | Place    | Note
-------+----------+-------------------------------------------
     0 | Start Ma | esc the Octopode Noble began the quest for the Orb.
     0 | Start Ma | Reached XP level 1. HP: 13/13 MP: 2/2
     0 | Start Ma | Found Ziwutaef's Mashing MeleeMart.
     6 | Start Ma | Bought an uncursed ring of protection for 440 gold pieces
     8 | Start Ma | Found Dejeak's Auxillary Armour.
    16 | Start Ma | Bought a +0 hat for 80 gold pieces
    16 | Start Ma | Found Nabboz's Expert Tomes.
    24 | Start Ma | Bought a +0 triple crossbow for 400 gold pieces
    38 | D:1      | esc set off with the following items: a +0 triple crossbow,
                  | a ring of protection, a +0 hat, a ration
    50 | D:1      | Reached XP level 2. HP: 17/18 MP: 2/4
   242 | D:1      | Reached skill level 1 in Crossbows
   252 | D:1      | Reached XP level 3. HP: 24/24 MP: 5/5
   308 | D:1      | Reached skill level 1 in Dodging
   336 | D:1      | Reached skill level 2 in Crossbows
   336 | D:1      | Reached XP level 4. HP: 30/30 MP: 6/6
   754 | D:2      | Noticed a slime creature
   755 | D:2      | Reached XP level 5. HP: 36/36 MP: 7/7
   755 | D:2      | Noticed a slime creature
   921 | D:2      | Reached skill level 3 in Crossbows
  1028 | D:2      | Reached XP level 6. HP: 42/42 MP: 8/8
  1115 | D:2      | Reached skill level 4 in Crossbows
  1131 | D:2      | Reached XP level 7. HP: 41/48 MP: 9/9
  1187 | D:2      | Reached skill level 5 in Crossbows
  1278 | D:2      | Reached skill level 6 in Crossbows
  1347 | D:2      | Found a faded altar of an unknown god.
  1769 | D:2      | Reached skill level 7 in Crossbows
  1786 | D:2      | Reached XP level 8. HP: 53/54 MP: 10/10
  1821 | D:2      | Reached skill level 8 in Crossbows
  1998 | D:2      | Reached skill level 9 in Crossbows
  2064 | D:2      | Found a white marble altar of Elyvilon.
  2157 | D:2      | Reached skill level 10 in Crossbows
  2211 | D:2      | Reached XP level 9. HP: 58/58 MP: 11/11
  2229 | D:2      | Reached skill level 11 in Crossbows
  2246 | D:2      | Noticed Prince Ribbit
  2247 | D:2      | Killed Prince Ribbit
  2435 | D:2      | Reached skill level 12 in Crossbows
  2465 | D:2      | Found a white marble altar of Elyvilon.
  2465 | D:2      | Found a runed translucent door.
  2465 | D:2      | Noticed an angel
  2939 | D:3      | Found a bloodstained altar of Trog.
  3159 | D:4      | Reached skill level 13 in Crossbows
  3238 | D:4      | Reached XP level 10. HP: 64/64 MP: 12/12
  3535 | D:4      | Reached skill level 5 in Fighting
  3557 | D:4      | Found a staircase to the Ecumenical Temple.
  3570 | Temple   | Entered the Ecumenical Temple
  3602 | Temple   | Became a worshipper of Gozag Ym Sagoz the Greedy
  3869 | D:4      | Noticed Maurice
  3872 | D:4      | Killed Maurice
  3872 | D:4      | Reached skill level 5 in Dodging
  3872 | D:4      | Reached skill level 5 in Stealth
  4102 | D:5      | Entered Level 5 of the Dungeon
  4102 | D:5      | Identified a scroll of acquirement
  4133 | D:5      | Identified the ring "Oxka" {rPois rF+ rN+ Str-3 Dex+2} (You
                  | acquired it on level 5 of the Dungeon)
  4149 | D:5      | Identified the cursed amulet of Fun {Chaos rC+, (Curse:
                  | -Tele Fragile)}
  4207 | D:5      | Found a blossoming altar of Fedhas.
  4209 | D:5      | Reached XP level 11. HP: 74/74 MP: 13/13
  4212 | D:5      | Reached skill level 14 in Crossbows
  4218 | D:5      | Found a stormy altar of Qazlal.
  4330 | D:5      | Noticed a two-headed ogre
  4337 | D:5      | Killed a two-headed ogre
  4372 | D:5      | Noticed a two-headed ogre
  4373 | D:5      | Killed a two-headed ogre
  4373 | D:5      | Reached skill level 1 in Shields
  4395 | D:5      | Noticed a two-headed ogre
  4396 | D:5      | Killed a two-headed ogre
  4448 | D:5      | Found a staircase to the Lair.
  4487 | D:5      | Found a burning altar of Makhleb.
  4890 | D:5      | Found a shimmering altar of Xom.
  4963 | Lair:1   | Entered Level 1 of the Lair of Beasts
  5000 | Lair:1   | Reached XP level 12. HP: 84/84 MP: 14/14
  5055 | Lair:1   | Noticed a boulder beetle
  5057 | Lair:1   | Killed a boulder beetle
  5086 | Lair:1   | Found a gate leading to a gauntlet.
  5097 | Gauntlet | Found the +8 lance "Wyrmbane" {slay drac, rPois rF+ rC+
                  | AC+3}
  5097 | Gauntlet | Entered a Gauntlet
  5097 | Gauntlet | Found a transporter.
  5097 | Gauntlet | Found a transporter.
  5098 | Gauntlet | Found a transporter.
  5098 | Gauntlet | Found a transporter.
  5101 | Gauntlet | Found a transporter.
  5101 | Gauntlet | Found a transporter.
  5103 | Gauntlet | Found a large runed translucent door.
  5104 | Gauntlet | Found a large runed translucent door.
  5147 | Gauntlet | Found a large runed translucent door.
  5148 | Gauntlet | Found a large runed translucent door.
  5149 | Gauntlet | Found a large runed translucent door.
  5149 | Gauntlet | Found a large runed translucent door.
  5149 | Gauntlet | Found a runed translucent door.
  5149 | Gauntlet | Found a runed translucent door.
  5150 | Gauntlet | Found a large runed translucent door.
  5151 | Gauntlet | Found a large runed translucent door.
  5152 | Gauntlet | Found a large runed translucent door.
  5152 | Gauntlet | Found a large runed translucent door.
  5153 | Gauntlet | Found a runed translucent gate.
  5153 | Gauntlet | Found a runed translucent gate.
  5153 | Gauntlet | Found a runed translucent gate.
  5155 | Gauntlet | Found a transporter.
  5156 | Gauntlet | Identified the amulet of Opheag Vies {Chaos rC- rN+ Str+4}
  5159 | Gauntlet | Found a transporter.
  5169 | Gauntlet | Found a transporter.
  5170 | Gauntlet | Noticed a cacodemon
  5190 | Gauntlet | Found a transporter.
  5209 | Gauntlet | Found a transporter.
  5211 | Gauntlet | Found a transporter.
  5212 | Gauntlet | Identified the +4 plate armour of Demons {rF+ rC+}
  5226 | Gauntlet | Noticed a soul eater
  5263 | Gauntlet | Found a large runed translucent door.
  5263 | Gauntlet | Found a large runed translucent door.
  5264 | Gauntlet | Found a large runed translucent door.
  5265 | Gauntlet | Found a large runed translucent door.
  5266 | Gauntlet | Found a large runed translucent door.
  5266 | Gauntlet | Found a large runed translucent door.
  5312 | Gauntlet | HP: 2/85 [wolf spider simulacrum (25)]
  5312 | Gauntlet | Slain by a storm dragon simulacrum

Levels and vault maps discovered:
D:1:      saegor_arrival_miasma, layout_rooms, serial_corexii_hall,
          chequers_hall_statues_y, chequers_hall_statues_corner_a,
          lightli_sewer_entry_pipes
D:2:      layout_sewer, elyvilon_altar_3, sewer_frog_spiral,
          chequers_ecumenical_altar_simple, lemuel_angel_altar
D:3:      layout_rooms, bloody_trog, first_ration
D:4:      layout_cave_pods, minmay_temple_entry_slanted, uniq_maurice
D:5:      layout_roguey, grunt_temple_overflow_forces_of_nature,
          nicolae_overflow_hidden_temple, marbit_many_paths,
          grunt_lair_entry_orc_guard_hut
D:6:      layout_rooms, lemuel_doored_altar, orc_0_dummy, basic_altar,
          blue_anna_alchemist [blue_anna_fruit_fields, blue_anna_fruit_fields],
          uniq_fannar
Temple:   zaba_magenta_temple
Lair:1:   layout_big_grid, gauntlet_entry_generic, enter_volcano_2,
          chequers_ossuary_entry_cave, serial_bayou_shore_b
Gauntlet: gammafunk_gauntlet_hard_choice [nicolae_gauntlet_swirl,
          gammafunk_gauntlet_arena_hedges, nicolae_gauntlet_arena_grate_2,
          minmay_gauntlet_arena_make_your_own_arena,
          gammafunk_gauntlet_arena_corners, gammafunk_gauntlet_arena_crates,
          gauntlet_exit_watery]

Skill      XL: |  1  2  3  4  5  6  7  8  9 10 11 12 |
---------------+-------------------------------------+-----
Stealth        | 2 5 |  5.0
Crossbows      | 1 2 3 4 7 10 13 14 | 14.9
Fighting       | 2 3 4 6 8 9 |  9.2
Dodging        | 1 2 3 6 8 9 |  9.1
Shields        | 3 4 |  4.0
Spellcasting   | |  1.7

Action                   |  1- 3 |  4- 6 |  7- 9 | 10-12 || total
-------------------------+-------+-------+-------+-------++-------
Melee: Unarmed           |     8 |    17 |    14 |       ||    39
       Constrict         |     2 |     3 |     4 |       ||     9
       T. Slap           |     1 |     1 |     1 |       ||     3
       T. Squeeze        |       |     2 |     7 |       ||     9
       T. Smack          |       |       |     1 |       ||     1
 Fire: Triple crossbow   |    21 |    44 |   165 |   159 ||   389
Evoke: Wand              |       |       |     2 |       ||     2
  Use: Scroll            |     2 |       |     1 |     5 ||     8
       Potion            |       |     3 |     3 |     1 ||     7
 Stab: Sleeping          |       |       |     1 |       ||     1
  Eat: Chunk             |       |     1 |     7 |     1 ||     9
       Ration            |       |       |       |     2 ||     2
Armor: Skin              |    20 |    23 |    17 |    16 ||    76
Dodge: Dodged            |     9 |    20 |    14 |     3 ||    46
Block: Heater shield     |       |       |       |     6 ||     6
